 Dungeon Sprint DCSS version 0.32-a0-685-g93135e86f0 (webtiles) character file.

Game seed: 7269129377011046035

9500000 Prakerore the Conqueror (level 27, -8/228 HPs)
             Began as a Djinni Warper on Mar 13, 2024.
             Was the Champion of Makhleb.
             Killed from afar by a dread (47 damage)
             ... with damnation
             ... in the Dungeon (Sprint VIII: "Arena of Blood").
             The game lasted 00:06:53 (95 turns).

Prakerore the Conqueror (Djinni Warper)               Turns: 95, Time: 00:06:54

Health: -8/228     AC:  6    Str: 10    XL:     27
Gold:   0          EV: 37    Int: 16    God:    Makhleb [******] SH:  0 Dex: 26

rFire   + + .        h - +∞ Axe of Woe
rCold   x . .        (shield currently unavailable)
rNeg    . . .        a - +0 leather armour
rPois   ∞            (no helmet)
rElec   .            (no cloak)
rCorr   .            (no gloves)
SInv    .            (boots unavailable)
Will    ++...        (no amulet)
Stlth   ++++++++++   (no ring)
HPRegen 0.58/turn    (no ring)
MPRegen 0.00/turn

%: no teleportation, infuse magic (-9 HP)
@: flying, hasted, very quick
A: sickness immunity, fire resistance 2, cold vulnerability 1, float, innate
caster, HP casting, extra vitality 1
a: Renounce Religion, Minor Destruction, Lesser Servant of Makhleb, Major
Destruction, Greater Servant of Makhleb


You were in the Dungeon.
You worshipped Makhleb.
Makhleb was exalted by your worship.
You visited 1 branch

Inventory:

Hand Weapons
 h - the +∞ Axe of Woe (weapon)
   (You found it in the Dungeon)
Missiles
 c - 6 darts of dispersal (quivered)
Armour
 a - a +0 leather armour (worn)
Scrolls
 b - 2 scrolls of blinking
Potions
 d - a potion of curing
 g - a potion of berserk rage


   Skills:
 O Level 27 Fighting
 O Level 27 Short Blades
 O Level 27 Long Blades
 O Level 27 Axes
 O Level 27 Maces & Flails
 O Level 27 Polearms
 O Level 27 Staves
 O Level 27 Ranged Weapons
 O Level 27 Throwing
 O Level 27 Armour
 O Level 27 Dodging
 O Level 27 Stealth
 O Level 27 Shields
 O Level 27 Unarmed Combat
 O Level 27 Spellcasting
 O Level 27 Conjurations
 O Level 27 Hexes
 O Level 27 Summonings
 O Level 27 Necromancy
 O Level 27 Translocations
 O Level 27 Fire Magic
 O Level 27 Ice Magic
 O Level 27 Air Magic
 O Level 27 Earth Magic
 O Level 27 Alchemy
 O Level 27 Invocations
 O Level 27 Evocations
 O Level 27 Shapeshifting


You knew the following spells:

 Your Spells              Type           Power      Damage    Failure   Level
a - Blink                 Tloc           100%       N/A       0%          2
b - Lesser Beckoning      Tloc           100%       N/A       0%          2
c - Teleport Other        Tloc           82%        N/A       0%          3
d - Manifold Assault      Tloc           82%        N/A       0%          4
e - Vhi's Electric Charg  Tloc/Air       100%       N/A       0%          4
f - Sandblast             Erth           100%       2d20      0%          1
g - Static Discharge      Conj/Air       100%       3-8/arc   0%          2
h - Fugue of the Fallen   Necr           82%        N/A       0%          3
i - Summon Lightning Spi  Summ/Air       82%        N/A       0%          4
j - Dimensional Bullseye  Hex/Tloc       41%        N/A       0%          4
k - Summon Forest         Summ/Tloc      41%        N/A       0%          5
l - Eringya's Noxious Bo  Alch           41%        4d6       0%          6
m - Sculpt Simulacrum     Ice/Alch       41%        N/A       0%          6
n - Bombard               Conj/Erth      41%        9d7       0%          6
o - Lehudib's Crystal Sp  Conj/Erth      41%        10d10     1%          8
p - Ozocubu's Refrigerat  Ice            41%        4d16      1%          7
q - Polar Vortex          Ice            41%        12d5*     2%          9
r - Dragon's Call         Summ           41%        N/A       2%          9
Your spell library was empty.

Dungeon Overview and Level Annotations

Branches:
Dungeon (1/1)

Altars:
Makhleb


Innate Abilities, Weirdness & Mutations

You are immune to sickness and miasma.
You are immune to poison.
Your flesh is very heat resistant. (rF++)
You are vulnerable to cold. (rC-)
You float through the air rather than walking.
You learn spells naturally, not from books.
Your magical power is your life essence.
You have superior vitality. (+4 MHP)


Message History

You kill the meat beast!
Makhleb accepts your kill.
The meat beast is engulfed in blazing flames.
Unknown command.
Unknown command.
You feel much better.
The meat beast is engulfed in blazing flames.
The eight-headed meat hydra calls on the powers of darkness!
The eight-headed meat hydra convulses!
Your body is wracked with pain!
* * * LOW HITPOINT WARNING * * *
The bag of meat convulses! x3; The eight-headed meat hydra convulses!
The bag of meat convulses! x3
A bag of meat comes into view. It is wielding a +9 war axe.
The meat beast bites you!
* * * LOW HITPOINT WARNING * * *
The meat beast tramples you!
* * * LOW HITPOINT WARNING * * *
You are shoved backwards!
Found a large steel ring.
The bag of meat moves out of view.
You slice the meat beast!!
You cleave the meat beast in twain.
You kill the meat beast!
Makhleb accepts your kill.
You feel better.
The accursed appears out of thin air!
An accursed comes into view.
Unknown command.
Unknown command.
The dread calls on the powers of darkness!
The bag of meat convulses!
The eight-headed meat hydra convulses!
The bag of meat convulses! x2; Your body is wracked with pain!
* * * LOW HITPOINT WARNING * * *
The eight-headed meat hydra convulses!
The bag of meat convulses!
The bag of meat shouts!
The bag of meat convulses! x2
You cut the bag of meat into ribbons!!!
You fatally mangle the bag of meat.
You blow up the bag of meat!
Makhleb accepts your kill.
You feel better. The dread throws damnation at you.
The sphere of damnation explodes!
The damnation engulfs you!!!
You die...

....###)))....###.
......#)§)...o# ..
......#°°§§§.o#...
.....o.§§§)§{.o...
#.......)§§§......
......M.D))......#
#......)oWo....##.
....#...)D...#...
........@..{..# ..
....##.#........ .
... .............
## #....#.....###
..............
....... .......
##..... .=.....
###### #######


You could see an accursed, 2 eight-headed meat hydras, a dread and 6 bags of
meat.

Vanquished Creatures
  6 hell beasts (D)
  A royal mummy (D)
  2 wraiths (D)
  Harold (D)
  16 vampire knights (D)
  40 ogres (D)
  7 two-headed ogres (D)
  4 liches (D)
  2 hydras (D)
  71 orcs (D)
  4 skeletal warriors (D)
154 creatures vanquished.

Vanquished Creatures (others)
  A two-headed ogre (D)
  4 orcs (D)
5 creatures vanquished.

Grand Total: 159 creatures vanquished

Notes
Turn   | Place    | Note
-------+----------+-------------------------------------------
     0 | D        | Found the +∞ Axe of Woe
     0 | D        | Prakerore the Djinni Warper began the quest for the Orb.
     0 | D        | Prakerore set off with the following spells memorised:
                  | Blink, Lesser Beckoning, Teleport Other, Manifold Assault,
                  | Vhi's Electric Charge.
     0 | D        | Reached XP level 1. HP: 18/18 MP: 0/0
     2 | D        | Noticed a bag of meat
     2 | D        | Noticed a bag of meat
     3 | D        | Noticed a meat berserker
     4 | D        | Became a worshipper of Makhleb the Destroyer
     4 | D        | Noticed a meat berserker
     5 | D        | Noticed a bag of meat
     5 | D        | Noticed a meat berserker
     6 | D        | Killed a meat berserker
     6 | D        | Killed a meat berserker
     6 | D        | Reached * piety under Makhleb
     6 | D        | Noticed a bag of meat
     6 | D        | Noticed a bag of meat
     7 | D        | Reached XP level 2. HP: 48/48 MP: 0/0
     7 | D        | Reached XP level 3. HP: 53/53 MP: 0/0
     7 | D        | Learned a level 1 spell: Sandblast
     7 | D        | Reached XP level 4. HP: 60/60 MP: 0/0
     7 | D        | Reached XP level 5. HP: 66/66 MP: 0/0
     7 | D        | Learned a level 2 spell: Static Discharge
     7 | D        | Reached XP level 6. HP: 72/72 MP: 0/0
     7 | D        | Reached XP level 7. HP: 78/78 MP: 0/0
     7 | D        | Learned a level 3 spell: Fugue of the Fallen
     7 | D        | Reached XP level 8. HP: 85/85 MP: 0/0
     7 | D        | Reached XP level 9. HP: 90/90 MP: 0/0
     7 | D        | Learned a level 4 spell: Summon Lightning Spire
     7 | D        | Reached XP level 10. HP: 97/97 MP: 0/0
     7 | D        | Reached XP level 11. HP: 103/103 MP: 0/0
     7 | D        | Learned a level 4 spell: Dimensional Bullseye
     7 | D        | Reached XP level 12. HP: 109/109 MP: 0/0
     7 | D        | Reached XP level 13. HP: 115/115 MP: 0/0
     7 | D        | Learned a level 5 spell: Summon Forest
     7 | D        | Killed a bag of meat
     8 | D        | Reached XP level 14. HP: 129/129 MP: 0/0
     8 | D        | Killed a meat berserker
     8 | D        | Killed a bag of meat
     8 | D        | Reached ** piety under Makhleb
     9 | D        | Reached skill level 27 in Fighting
     9 | D        | Reached XP level 15. HP: 147/147 MP: 0/0
     9 | D        | Learned a level 6 spell: Eringya's Noxious Bog
    12 | D        | Reached *** piety under Makhleb
    15 | D        | Reached XP level 16. HP: 154/154 MP: 0/0
    15 | D        | Noticed a meat berserker
    16 | D        | Killed a meat berserker
    16 | D        | Noticed a meat berserker
    17 | D        | Reached skill level 27 in Dodging
    17 | D        | Reached **** piety under Makhleb
    18 | D        | Noticed a meat berserker
    19 | D        | Reached skill level 15 in Armour
    19 | D        | Reached XP level 17. HP: 160/160 MP: 0/0
    19 | D        | Learned a level 6 spell: Sculpt Simulacrum
    20 | D        | Reached skill level 10 in Spellcasting
    20 | D        | Reached skill level 10 in Conjurations
    20 | D        | Reached skill level 10 in Hexes
    20 | D        | Reached skill level 10 in Summonings
    20 | D        | Reached skill level 10 in Necromancy
    20 | D        | Reached skill level 10 in Translocations
    20 | D        | Reached skill level 10 in Fire Magic
    20 | D        | Reached skill level 10 in Ice Magic
    20 | D        | Reached skill level 10 in Air Magic
    20 | D        | Reached skill level 10 in Earth Magic
    20 | D        | Reached skill level 10 in Alchemy
    20 | D        | Noticed a destroyer
    21 | D        | Reached ***** piety under Makhleb
    21 | D        | Noticed a meat berserker
    22 | D        | Reached skill level 15 in Spellcasting
    22 | D        | Reached skill level 15 in Conjurations
    22 | D        | Reached skill level 15 in Hexes
    22 | D        | Reached skill level 15 in Summonings
    22 | D        | Reached skill level 15 in Necromancy
    22 | D        | Reached skill level 15 in Translocations
    22 | D        | Reached skill level 15 in Fire Magic
    22 | D        | Reached skill level 15 in Ice Magic
    22 | D        | Reached skill level 15 in Air Magic
    22 | D        | Reached skill level 15 in Earth Magic
    22 | D        | Reached skill level 15 in Alchemy
    24 | D        | Killed a meat berserker
    24 | D        | Killed a meat berserker
    25 | D        | Reached skill level 27 in Spellcasting
    25 | D        | Reached skill level 27 in Conjurations
    25 | D        | Reached skill level 27 in Hexes
    25 | D        | Reached skill level 27 in Summonings
    25 | D        | Reached skill level 27 in Necromancy
    25 | D        | Reached skill level 27 in Translocations
    25 | D        | Reached skill level 27 in Fire Magic
    25 | D        | Reached skill level 27 in Ice Magic
    25 | D        | Reached skill level 27 in Air Magic
    25 | D        | Reached skill level 27 in Earth Magic
    25 | D        | Reached skill level 27 in Alchemy
    25 | D        | Reached XP level 18. HP: 167/167 MP: 0/0
    25 | D        | Reached XP level 19. HP: 174/174 MP: 0/0
    25 | D        | Learned a level 6 spell: Bombard
    25 | D        | Reached ****** piety under Makhleb
    25 | D        | Noticed a meat berserker
    25 | D        | Noticed a destroyer
    26 | D        | Noticed a large bag of meat
    27 | D        | Noticed a large bag of meat
    29 | D        | Reached skill level 27 in Invocations
    29 | D        | Reached XP level 20. HP: 181/181 MP: 0/0
    29 | D        | Killed a meat berserker
    29 | D        | Noticed a large bag of meat
    30 | D        | Reached skill level 27 in Axes
    30 | D        | Killed a destroyer
    30 | D        | Noticed an eight-headed meat hydra
    31 | D        | Noticed a meat berserker
    31 | D        | Killed a destroyer
    31 | D        | Noticed a destroyer
    31 | D        | Noticed a meat berserker
    32 | D        | Reached XP level 21. HP: 187/187 MP: 0/0
    32 | D        | Learned a level 8 spell: Lehudib's Crystal Spear
    32 | D        | Killed a destroyer
    32 | D        | Noticed a meat berserker
    33 | D        | Reached skill level 27 in Throwing
    33 | D        | Killed a meat berserker
    33 | D        | Killed a large bag of meat
    34 | D        | Reached skill level 27 in Armour
    34 | D        | Reached XP level 22. HP: 177/194 MP: 0/0
    34 | D        | Noticed a large bag of meat
    34 | D        | Noticed a meat berserker
    34 | D        | Noticed a destroyer
    35 | D        | Killed a large bag of meat
    35 | D        | Noticed a meat berserker
    36 | D        | Noticed a destroyer
    37 | D        | Noticed a destroyer
    37 | D        | Noticed a destroyer
    38 | D        | Killed a meat berserker
    39 | D        | Killed a meat berserker
    40 | D        | Reached XP level 23. HP: 191/201 MP: 0/0
    40 | D        | Learned a level 7 spell: Ozocubu's Refrigeration
    40 | D        | Killed a destroyer
    41 | D        | Reached skill level 27 in Stealth
    41 | D        | Reached skill level 15 in Maces & Flails
    41 | D        | Noticed a destroyer
    41 | D        | Killed a large bag of meat
    42 | D        | Noticed a destroyer
    43 | D        | Killed a destroyer
    43 | D        | Killed a destroyer
    43 | D        | Noticed a destroyer
    44 | D        | Reached XP level 24. HP: 202/208 MP: 0/0
    44 | D        | Killed a destroyer
    45 | D        | Killed a large bag of meat
    46 | D        | Reached skill level 27 in Staves
    46 | D        | Killed a destroyer
    49 | D        | Reached XP level 25. HP: 187/214 MP: 0/0
    49 | D        | Learned a level 9 spell: Polar Vortex
    49 | D        | Killed a destroyer
    49 | D        | Noticed a destroyer
    50 | D        | Reached skill level 27 in Unarmed Combat
    50 | D        | Noticed a tyrant
    51 | D        | Reached skill level 27 in Polearms
    51 | D        | Reached XP level 26. HP: 218/221 MP: 0/0
    51 | D        | Noticed a tyrant
    51 | D        | Noticed a tyrant
    52 | D        | Reached skill level 27 in Maces & Flails
    52 | D        | Noticed an accursed
    52 | D        | Noticed a large bag of meat
    54 | D        | Noticed a destroyer
    56 | D        | Killed a destroyer
    56 | D        | Killed a destroyer
    57 | D        | Reached skill level 27 in Shapeshifting
    57 | D        | Reached XP level 27. HP: 205/228 MP: 0/0
    57 | D        | Learned a level 9 spell: Dragon's Call
    58 | D        | Reached skill level 27 in Evocations
    58 | D        | Noticed a destroyer
    59 | D        | Reached skill level 15 in Shields
    59 | D        | Killed a destroyer
    59 | D        | Killed a tyrant
    60 | D        | Reached skill level 27 in Shields
    62 | D        | Noticed a tyrant
    63 | D        | Killed an accursed
    63 | D        | Killed a large bag of meat
    64 | D        | Reached skill level 27 in Short Blades
    64 | D        | Noticed a dread
    64 | D        | Noticed a destroyer
    64 | D        | Noticed a destroyer
    65 | D        | Killed a destroyer
    66 | D        | Reached skill level 27 in Long Blades
    66 | D        | Noticed a large bag of meat
    66 | D        | Noticed a large bag of meat
    68 | D        | Noticed a large bag of meat
    70 | D        | Reached skill level 27 in Ranged Weapons
    71 | D        | Killed a destroyer
    72 | D        | Noticed a meat beast
    73 | D        | Noticed a dread
    74 | D        | Noticed a dread
    74 | D        | Noticed The Servant
    74 | D        | Noticed a meat beast
    75 | D        | Killed a tyrant
    76 | D        | Noticed a meat beast
    76 | D        | Killed a meat beast
    77 | D        | Killed a tyrant
    77 | D        | Killed a large bag of meat
    77 | D        | Killed a dread
    78 | D        | Killed a tyrant
    78 | D        | Killed a meat beast
    80 | D        | Killed a destroyer
    80 | D        | Noticed a meat beast
    80 | D        | Noticed a meat beast
    82 | D        | Noticed a meat beast
    82 | D        | Noticed a destroyer
    83 | D        | Killed a meat beast
    84 | D        | Killed a meat beast
    85 | D        | Killed a large bag of meat
    85 | D        | Noticed an accursed
    86 | D        | Killed a dread
    88 | D        | Killed The Servant
    88 | D        | Killed a destroyer
    89 | D        | Killed a large bag of meat
    89 | D        | Noticed an accursed
    90 | D        | HP: 11/228 [??? (9)]
    91 | D        | Killed a meat beast
    93 | D        | Killed a meat beast
    94 | D        | Noticed an accursed
    95 | D        | Killed from afar by a dread

Illustrated notes

Levels and vault maps discovered:
D:        meatsprint

Skill      XL: |  1  2  3  4  5  6  7  8  9 10 11 12 13 14 15 16 17 18 19 20 21 22 23 24 25 26 27 |
---------------+----------------------------------------------------------------------------------+-----
Axes           | 24 25 27 | 27.0
Fighting       | 18 21 27 | 27.0
Dodging        | 8 23 27 | 27.0
Armour         | 15 27 | 27.0
Spellcasting   | 6 27 | 27.0
Conjurations   | 6 27 | 27.0
Hexes          | 6 27 | 27.0
Summonings     | 6 27 | 27.0
Necromancy     | 6 27 | 27.0
Translocations | 6 27 | 27.0
Fire Magic     | 6 27 | 27.0
Ice Magic      | 6 27 | 27.0
Air Magic      | 6 27 | 27.0
Earth Magic    | 6 27 | 27.0
Alchemy        | 6 27 | 27.0
Invocations    | 8 27 | 27.0
Throwing       | 25 27 | 27.0
Stealth        | 13 26 27 | 27.0
Maces & Flails | 21 25 27 | 27.0
Staves         | 21 27 | 27.0
Polearms       | 21 27 | 27.0
Unarmed Combat | 21 27 | 27.0
Shapeshifting  | 27 | 27.0
Evocations     | 7 27 | 27.0
Shields        | 27 | 27.0
Short Blades   | 27 | 27.0
Long Blades    | 27 | 27.0
Ranged Weapons | 27 | 27.0

Action                     |  1- 3 |  4- 6 |  7- 9 | 10-12 | 13-15 | 16-18 | 19-21 | 22-24 | 25-27 || total
---------------------------+-------+-------+-------+-------+-------+-------+-------+-------+-------++-------
  Melee: Executioner's axe |     1 |       |       |       |     6 |     8 |     9 |    12 |    38 ||    74
  Throw: Dart              |       |       |       |       |       |       |       |     1 |       ||     1
    Use: Potion            |       |       |       |       |       |       |       |       |     2 ||     2
 Armour: Leather armour    |       |       |       |       |       |       |     2 |    23 |    21 ||    46
  Dodge: Dodged            |     1 |       |       |       |       |       |       |     5 |     3 ||     9

Table legend: (Time is in decaauts)
 A = Elapsed time spent in this place.
 B = Non-inter-level travel time spent in this place.
 C = Inter-level travel time spent in this place.
 D = Time resting spent in this place.
 E = Time spent auto-exploring this place.
 F = Levels seen in this place.
 G = Mean time per level.
                   A        B        C        D        E       F      G
               +--------+--------+--------+--------+--------+-----+--------+
         Total |     67 |     67 |      0 |      0 |      0 |   1 |   67.0 |
       Dungeon |     67 |     67 |      0 |      0 |      0 |   1 |   67.0 |
               +--------+--------+--------+--------+--------+-----+--------+

Top non-repeatable levels by time:
       D: 67 daAuts
